 Dungeon Crawl Stone Soup version 0.27.0-1-g7a089689b8 (webtiles) character file.

Game seed: 6667001213868661695

0 Spectrina the Ducker (level 1, -2/13 HPs)
             Began as a Deep Elf Monk on Aug 12, 2021.
             Slain by a centaur (6 damage)
             ... on level 4 of the Dungeon.
             The game lasted 00:01:30 (108 turns).

Spectrina the Ducker (Deep Elf Monk)                 Turns: 108, Time: 00:01:31

Health: -2/13      AC:  2    Str:  8    XL:     1   Next: 8%
Magic:  3/3        EV: 13    Int: 14    God:
Gold:   35         SH:  0    Dex: 17    Spells: 0/0 levels left

rFire    . . .     SeeInvis .   b - +1 hunting sling (vorpal)
rCold    . . .     Faith    .   (no shield)
rNeg     . . .     Spirit   .   d - +0 robe
rPois    .         Reflect  .   (no helmet)
rElec    .         Harm     .   (no cloak)
rCorr    .         Rampage  .   (no gloves)
Will     .....                  (no boots)
Stlth    ++........             (no amulet)
HPRegen  0.04/turn              (no ring)
MPRegen  0.08/turn              (no ring)

@: no status effects
A: no striking features
a: no special abilities


You were on level 4 of the Dungeon.
You visited 1 branch of the dungeon, and saw 4 of its levels.

You collected 35 gold pieces.

Inventory:

Hand Weapons
 a - a +0 short sword
 b - a +1 vorpal hunting sling (weapon)
 c - a +0 dagger
Missiles
 e - 22 stones (quivered ammo)
 f - 14 poisoned darts
Armour
 d - a +0 robe (worn)


   Skills:
 - Level 2.4 Fighting
 - Level 3.0 Short Blades
 - Level 3.6 Dodging
 + Level 2.4 Stealth
 + Level 0.0 Spellcasting
 + Level 0.0 Conjurations
 + Level 0.0 Earth Magic


You couldn't memorise any spells.
You didn't know any spells.
Your spell library contained the following spells:

 Spells                   Type           Power      Damage    Failure   Level
 Stone Arrow              Conj/Erth      0%         3d7       65%         3
 Bolt of Magma            Conj/Fire/Erth 0%         4d4       100%        5
 Shatter                  Erth           0%         3d5*      100%        9


Dungeon Overview and Level Annotations

Branches:
Dungeon (4/15)
 Temple: D:4-7

Altars:


Message History

A centaur comes into view.
There is a stone staircase leading up here.
You aren't carrying any potions.
Unknown command.
You aren't carrying any scrolls.
The helpless centaur fails to defend itself.
You puncture the centaur!
The centaur is almost dead.
The centaur barely misses you. The centaur misses you.
b - a +1 vorpal hunting sling (weapon)
The centaur barely misses you. The centaur kicks you.
Fire: 26 stones
Press: ? - help, Q - select action, (/) - cycle Shift-Dir - straight line, f - centaur
Aim: a centaur, quivering arrows (almost dead, 72% to hit)
You shoot a stone.
The stone hits the centaur but does no damage.
The centaur is almost dead.
The centaur barely misses you. The centaur completely misses you.
The centaur hits you.
The centaur kicks you but does no damage.
Fire: 25 stones
Press: ? - help, Q - select action, (/) - cycle Shift-Dir - straight line, f/p - centaur
Aim: a centaur, quivering arrows (severely wounded, 72% to hit)
You shoot a stone. The stone closely misses the centaur.
The centaur closely misses you. The centaur misses you.
The centaur hits you but does no damage.
The centaur kicks you.
Fire: 24 stones
Press: ? - help, Q - select action, (/) - cycle Shift-Dir - straight line, f/p - centaur
Aim: a centaur, quivering arrows (severely wounded, 72% to hit)
You shoot a stone. The stone barely misses the centaur.
The centaur hits you. The centaur barely misses you.
Fire: 23 stones
Press: ? - help, Q - select action, (/) - cycle Shift-Dir - straight line, f/p - centaur
Aim: a centaur, quivering arrows (severely wounded, 72% to hit)
You shoot a stone.
The stone hits the centaur but does no damage.
The centaur is severely wounded.
The centaur hits you.
You die...

#.#.
.(. #
....
##..#.
.#..
#..#
#.c#
#.@#
#<.#
#..#
#..#
#..#
#...
##...
....
###.


You could see a centaur.

Vanquished Creatures
  A goblin (D:3)
1 creature vanquished.

Notes
Turn   | Place    | Note
-------+----------+-------------------------------------------
     0 | D:1      | Spectrina the Deep Elf Monk began the quest for the Orb.
     0 | D:1      | Reached XP level 1. HP: 13/13 MP: 3/3
   101 | D:4      | Noticed a centaur
   108 | D:4      | Slain by a centaur

Illustrated notes

Levels and vault maps discovered:
D:1:      sevenhm_arrival_forest_fort_large_3, layout_loops_ring
D:2:      layout_basic
D:3:      layout_basic, mainiacjoe_overflow_tiny_flanked, minmay_quadrilaterals,
          uniq_terence
D:4:      layout_loops_ring, temple_pool_b, serial_shops, shop,
          chequers_serial_rivers_small_a, hex_medium, minmay_manual_mess

Action                   || total
-------------------------++-------
Melee: Dagger            ||     1
       Short sword       ||     1
 Fire: Hunting sling     ||     4
 Stab: Sleeping          ||     2
Armor: Robe              ||     2
Dodge: Dodged            ||     8
